Bears vs Whale

Created - Thursday, January 22, 2015 at 00:01

Goals
1 2 3 T
Bears 0 0 0 0
Whale 0 0 1 1
Shots
1 2 3 T
Bears 6 7 4 17
Whale 4 6 16 26

1st period

No Goal

Penalties :
Maxime Macenauer (Her) for Holding (Minor) at 10:07, Jay Rosehill (CON) for Fighting (Major) at 13:50, Harry Young (Her) for Fighting (Major) at 13:50, Jay Rosehill (CON) for instigated a fight (Minor) at 13:50, Jay Rosehill (CON) for instigated and being the aggresor in a fight (20 Minutes Game Misconduct) at 13:50

2nd period

No Goal

Penalties :
No Penalty

3rd period

1. Whale , Jon Sim 10 (Mike Hedden) at 8:30 (PP)

Penalties :
Maxime Macenauer (Her) for Hooking (Minor) at 0:59, Shawn O'Donnell (Her) for Holding (Minor) at 6:37, Mike Moore (CON) for Fighting (Major) at 8:33, Brandon Burlon (Her) for Fighting (Major) at 8:33

Goalie Stats

Karri Ramo (Her), 4 saves from 4 shots - (1.000), 8:35 minutes
John Gibson (Her), 21 saves from 22 shots - (0.955), L, 10-3-9, 50:53 minutes
Dustin Tokarski (CON), 17 saves from 17 shots - (1.000), W, 10-6-7, 60:00 minutes

Players Stats for Bears

Player Name              G  A  P  +/- PIM S  H  SB GA TA FO     MP     PP MP  PK MP  
------------------------------------------------------------------------------------
Ben Youds                0  0  0   0  0   1  0  1  0  0  0/0    20:33   1:13   2:25 
Brandon Burlon           0  0  0   0  5   0  3  1  0  3  0/0    22:53   0:46   3:26 
David Dziurzynski        0  0  0   0  0   1  3  0  10 1  0/1    15:34   0:00   0:00 
Guy Leboeuf              0  0  0   0  0   1  2  0  0  3  0/0    20:13   1:13   2:25 
Harry Young              0  0  0   0  5   2  0  0  0  0  0/0    13:53   0:00   0:00 
Jeremy Langlois          0  0  0   0  0   0  2  0  0  0  0/1    13:58   0:00   0:00 
Jesse Root               0  0  0   0  0   0  0  0  0  0  0/0     0:00   0:00   0:00 
Kevin Henderson          0  0  0   0  0   0  2  0  1  0  1/1    17:24   1:21   0:43 
Kyle Jean                0  0  0   0  0   0  0  0  1  1  3/5     7:05   0:00   0:00 
Mark Cundari             0  0  0   0  0   1  3  0  4  2  0/0    25:00   0:46   3:26 
Maxime Macenauer         0  0  0   0  4   2  2  0  4  1  6/14   17:42   1:21   0:16 
Patrice Cormier          0  0  0   0  0   1  0  0  3  0  5/9    20:14   0:38   4:18 
Sebastian Stalberg       0  0  0   0  0   4  0  0  6  3  1/1    17:33   1:21   0:00 
Shawn O'Donnell          0  0  0   0  2   1  1  0  1  0  2/2     8:55   0:00   0:56 
Stefan Matteau           0  0  0   0  0   1  3  1  1  1  3/5    23:09   0:38   3:49 
Tyler Brown              0  0  0   0  0   1  0  0  0  3  0/5    15:34   0:00   0:50 
Tyler Shattock           0  0  0   0  0   1  2  1  1  1  0/1    16:55   0:38   0:50 
Zachery Davies           0  0  0   0  0   0  1  1  1  1  0/0    17:24   0:00   0:00 

Players Stats for Whale

Player Name              G  A  P  +/- PIM S  H  SB GA TA FO     MP     PP MP  PK MP  
------------------------------------------------------------------------------------
Brendan Ranford          0  0  0   0  0   2  0  0  1  1  0/0     3:10   0:00   0:00 
Brennan Evans            0  0  0   0  0   0  0  0  0  0  0/0     0:00   0:00   0:00 
Chris McKelvie           0  0  0   0  0   0  2  0  0  0  2/2    10:54   1:13   0:00 
Colin Fraser             0  0  0   0  0   1  3  0  3  1  10/20  23:10   2:08   0:38 
Dallas Jackson           0  0  0   0  0   0  3  1  2  1  0/0    25:30   3:15   0:47 
Denis Grebeshkov         0  0  0   0  0   1  1  1  1  1  0/0    27:28   3:15   1:12 
Denny Urban              0  0  0   0  0   0  1  1  1  2  0/0    18:48   2:36   0:00 
Derek Nesbitt            0  0  0   0  0   1  0  0  2  1  1/1    16:27   0:28   0:00 
James Livingston         0  0  0   0  0   0  0  0  1  1  1/2    16:47   0:00   0:43 
Jay Rosehill             0  0  0   0  27  0  0  0  0  0  0/1     3:18   0:00   0:00 
John McCarthy            0  0  0   0  0   4  0  0  5  3  1/2    18:04   3:21   0:38 
Jon Sim                  1  0  1   0  0   6  3  0  5  0  0/0    19:57   2:30   0:00 
Kelly Zajac              0  0  0   0  0   3  1  0  1  1  7/14   20:35   2:30   0:00 
Mike Hedden              0  1  1   0  0   2  3  0  3  1  0/0    23:26   2:30   0:38 
Mike Moore               0  0  0   0  5   0  3  0  0  2  0/0    22:23   0:00   1:12 
Nick Tarnasky            0  0  0   0  0   6  1  1  5  1  2/3    22:09   2:53   1:21 
Stefan Warg              0  0  0   0  0   0  0  0  0  1  0/0     4:03   0:00   0:00 
Taylor Chorney           0  0  0   0  0   0  1  2  0  4  0/0    21:45   2:36   0:47 

3 Stars

1 - Dustin Tokarski (CON)
2 - John Gibson (Her)
3 - Jon Sim (CON)

Power Play

Bears - 0 on 1 Attempt(s) - 0.00%
Whale - 1 on 3 Attempt(s) - 33.33%

Penalty Kill

Bears - 2 on 3 Attempt(s) - 66.67% - Score 0 goal in Penalty Kill
Whale - 1 on 1 Attempt(s) - 100.00% - Score 0 goal in Penalty Kill

Team Stat

Bears - Hits : 24 - Faceoff Wins : 21 - Blocked Shots : 5 - Penalty Minutes : 16
Whale - Hits : 22 - Faceoff Wins : 24 - Blocked Shots : 6 - Penalty Minutes : 32

Official

Referees : Unknown
Linesman : Unknown

Game Notes

Karri Ramo is injured at 8:35 of 1st period (Sprained Right Knee)
John Gibson enters game at 8:35 of 1st period
Jay Rosehill and Harry Young fight to a draw at 13:50 of 1st period
Jay Rosehill ejected from game at 13:50 of 1st period
Mike Moore beats up Brandon Burlon at 8:33 of 3rd period

Finance

Level 1 -- Attendance: 1384 (69.20%) -- Ticket Income $48,440
Level 2 -- Attendance: 817 (81.70%) -- Ticket Income $12,255
Total Attendance: 2201 (73.37%)
Total Ticket Income: $60,695
Other Income: $29,741
Total Income: $90,436

Bears

5 vs 5 Forward 
   Center                   Left Wing                Right Wing               Time % Phy DF OF 
 1 Patrice Cormier          Stefan Matteau           Tyler Shattock           35     1   2  2  
 2 Maxime Macenauer         Kevin Henderson          Sebastian Stalberg       30     1   2  2  
 3 Tyler Brown              David Dziurzynski        Jeremy Langlois          22     1   2  2  
 4 Kyle Jean                Shawn O'Donnell          Stefan Matteau           13     1   2  2  

5 vs 5 Defense 
   Defense                  Defense                                           Time % Phy DF OF 
 1 Mark Cundari             Brandon Burlon                                    35     1   2  2  
 2 Ben Youds                Guy Leboeuf                                       30     1   2  2  
 3 Zachery Davies           Harry Young                                       22     1   2  2  
 4 Mark Cundari             Brandon Burlon                                    13     1   2  2  

PowerPlay Forward 
   Center                   Left Wing                Right Wing               Time % Phy DF OF 
 1 Patrice Cormier          Stefan Matteau           Tyler Shattock           60     1   2  2  
 2 Maxime Macenauer         Kevin Henderson          Sebastian Stalberg       40     1   2  2  

PowerPlay Defense
   Defense                  Defense                                           Time % Phy DF OF 
 1 Mark Cundari             Brandon Burlon                                    60     1   2  2  
 2 Ben Youds                Guy Leboeuf                                       40     1   2  2  

Penalty Kill 4 Players Forward 
   Center                   Wing                     Time % Phy DF OF 
 1 Stefan Matteau           Patrice Cormier          60     1   2  2  
 2 Maxime Macenauer         Tyler Shattock           40     1   2  2  

Penalty Kill 4 Players Defense
   Defense                  Defense                  Time % Phy DF OF 
 1 Mark Cundari             Brandon Burlon           60     1   2  2  
 2 Ben Youds                Guy Leboeuf              40     1   2  2  

Penalty Kill - 3 Players Forward 
   Forward                                           Time % Phy DF OF 
 1 Stefan Matteau                                    60     1   2  2  
 2 Patrice Cormier                                   40     1   2  2  

Penalty Kill - 3 Players Defense
   Defense                  Defense                  Time % Phy DF OF 
 1 Mark Cundari             Brandon Burlon           60     1   2  2  
 2 Ben Youds                Guy Leboeuf              40     1   2  2  

4 vs 4 Forward 
   Center                   Wing                     Time % Phy DF OF 
 1 Stefan Matteau           Patrice Cormier          60     1   2  2  
 2 Maxime Macenauer         Tyler Shattock           40     1   2  2  

4 vs 4 Defense
   Defense                  Defense                  Time % Phy DF OF 
 1 Mark Cundari             Brandon Burlon           60     1   2  2  
 2 Ben Youds                Guy Leboeuf              40     1   2  2  

Last Minutes Offensive
   Center                   Left Wing                Right Wing               Defense                  Defense                  
   Patrice Cormier          Stefan Matteau           Tyler Shattock           Mark Cundari             Brandon Burlon           

Last Minutes Defensive
   Center                   Left Wing                Right Wing               Defense                  Defense                  
   Patrice Cormier          Stefan Matteau           Tyler Shattock           Mark Cundari             Brandon Burlon           

Goaltenders
Starting : Karri Ramo               
Backup : John Gibson              

Extra Forwards
Normal : David Dziurzynski, Tyler Brown, Shawn O'Donnell - PP : David Dziurzynski, Tyler Brown - PK : Shawn O'Donnell
Extra Defensemen
Normal : Zachery Davies, Harry Young, Ben Youds - PP : Zachery Davies - PK : Harry Young, Ben Youds
Penalty Shots
Stefan Matteau, Patrice Cormier, Maxime Macenauer, Tyler Shattock, Kevin Henderson

Whale

5 vs 5 Forward 
   Center                   Left Wing                Right Wing               Time % Phy DF OF 
 1 Colin Fraser             John McCarthy            Nick Tarnasky            35     1   2  2  
 2 Kelly Zajac              Mike Hedden              Jon Sim                  30     1   2  2  
 3 Colin Fraser             Nick Tarnasky            James Livingston         22     1   2  2  
 4 Colin Fraser             Jay Rosehill             Derek Nesbitt            13     1   2  2  

5 vs 5 Defense 
   Defense                  Defense                                           Time % Phy DF OF 
 1 Dallas Jackson           Denis Grebeshkov                                  35     1   2  2  
 2 Taylor Chorney           Mike Moore                                        30     1   2  2  
 3 Dallas Jackson           Mike Moore                                        22     1   2  2  
 4 Denny Urban              Denis Grebeshkov                                  13     1   2  2  

PowerPlay Forward 
   Center                   Left Wing                Right Wing               Time % Phy DF OF 
 1 Colin Fraser             John McCarthy            Nick Tarnasky            60     1   2  2  
 2 Kelly Zajac              Mike Hedden              Jon Sim                  40     1   2  2  

PowerPlay Defense
   Defense                  Defense                                           Time % Phy DF OF 
 1 Dallas Jackson           Denis Grebeshkov                                  60     1   2  2  
 2 Taylor Chorney           Denny Urban                                       40     1   2  2  

Penalty Kill 4 Players Forward 
   Center                   Wing                     Time % Phy DF OF 
 1 Nick Tarnasky            Colin Fraser             60     1   2  2  
 2 John McCarthy            Mike Hedden              40     1   2  2  

Penalty Kill 4 Players Defense
   Defense                  Defense                  Time % Phy DF OF 
 1 Mike Moore               Denis Grebeshkov         60     1   2  2  
 2 Taylor Chorney           Dallas Jackson           40     1   2  2  

Penalty Kill - 3 Players Forward 
   Forward                                           Time % Phy DF OF 
 1 Mike Hedden                                       60     1   2  2  
 2 Colin Fraser                                      40     1   2  2  

Penalty Kill - 3 Players Defense
   Defense                  Defense                  Time % Phy DF OF 
 1 Mike Moore               Denis Grebeshkov         60     1   2  2  
 2 Taylor Chorney           Denny Urban              40     1   2  2  

4 vs 4 Forward 
   Center                   Wing                     Time % Phy DF OF 
 1 Nick Tarnasky            Colin Fraser             60     1   2  2  
 2 John McCarthy            Mike Hedden              40     1   2  2  

4 vs 4 Defense
   Defense                  Defense                  Time % Phy DF OF 
 1 Dallas Jackson           Denis Grebeshkov         60     1   2  2  
 2 Taylor Chorney           Mike Moore               40     1   2  2  

Last Minutes Offensive
   Center                   Left Wing                Right Wing               Defense                  Defense                  
   Colin Fraser             John McCarthy            Mike Hedden              Taylor Chorney           Denis Grebeshkov         

Last Minutes Defensive
   Center                   Left Wing                Right Wing               Defense                  Defense                  
   Colin Fraser             John McCarthy            Mike Hedden              Taylor Chorney           Denis Grebeshkov         

Goaltenders
Starting : Dustin Tokarski          
Backup : Igor Bobkov              

Extra Forwards
Normal : Nick Tarnasky, Jay Rosehill, James Livingston - PP : Nick Tarnasky, Jay Rosehill - PK : James Livingston
Extra Defensemen
Normal : Dallas Jackson, Mike Moore, Denny Urban - PP : Dallas Jackson - PK : Mike Moore, Denny Urban
Penalty Shots
Jay Rosehill, Colin Fraser, John McCarthy, Mike Hedden, Nick Tarnasky

% Time on Ice - Bears

Lines # - Real PCT - Wanted PCT - Time Play
Normal Forward
1 - 29% - 35% - 14:43
2 - 31% - 30% - 15:48
3 - 27% - 22% - 13:58
4 - 14% - 13% - 7:05
Normal Defense
1 - 32% - 35% - 16:40
2 - 31% - 30% - 16:01
3 - 30% - 22% - 15:21
4 - 7% - 13% - 3:32
PP Forward
1 - 32% - 60% - 0:38
2 - 68% - 40% - 1:21
PP Defense
1 - 39% - 60% - 0:46
2 - 61% - 40% - 1:13
PK Forward
1 - 86% - 60% - 5:01
2 - 14% - 40% - 0:50
PK Defense
1 - 59% - 60% - 3:26
2 - 41% - 40% - 2:25
PK3 Forward
1 - 0% - 60%
2 - 0% - 40%
PK3 Defense
1 - 0% - 60%
2 - 0% - 40%
44 Forward
1 - 0% - 60%
2 - 0% - 40%
44 Defense
1 - 0% - 60%
2 - 0% - 40%
Last Minute Offensive  - 0:36
Last Minute Defensive  - 0:00
Total
Forward - 60:00
Defense - 60:00

% Time on Ice - Whale

Lines # - Real PCT - Wanted PCT - Time Play
Normal Forward
1 - 22% - 35% - 11:27
2 - 32% - 30% - 16:23
3 - 10% - 22% - 4:56
4 - 36% - 13% - 18:32
Normal Defense
1 - 25% - 35% - 12:36
2 - 34% - 30% - 17:38
3 - 16% - 22% - 8:16
4 - 25% - 13% - 12:48
PP Forward
1 - 57% - 60% - 3:21
2 - 43% - 40% - 2:30
PP Defense
1 - 56% - 60% - 3:15
2 - 44% - 40% - 2:36
PK Forward
1 - 68% - 60% - 1:21
2 - 32% - 40% - 0:38
PK Defense
1 - 61% - 60% - 1:12
2 - 39% - 40% - 0:47
PK3 Forward
1 - 0% - 60%
2 - 0% - 40%
PK3 Defense
1 - 0% - 60%
2 - 0% - 40%
44 Forward
1 - 0% - 60%
2 - 0% - 40%
44 Defense
1 - 0% - 60%
2 - 0% - 40%
Last Minute Offensive  - 0:00
Last Minute Defensive  - 0:52
Total
Forward - 60:00
Defense - 60:00

Play by Play

1st period


0:01 of 1st period - Patrice Cormier wins face-off versus Colin Fraser in neutral zone.
0:18 of 1st period - John McCarthy is hit by Tyler Shattock and loses puck.
1:54 of 1st period - Slapshot by Sebastian Stalberg.
1:54 of 1st period - Stopped by Dustin Tokarski without a rebound.
1:55 of 1st period - Colin Fraser wins face-off versus David Dziurzynski in Whale zone.
2:23 of 1st period - Off-side.
2:24 of 1st period - Maxime Macenauer wins face-off versus Kelly Zajac in neutral zone.
2:39 of 1st period - Slapshot by Kevin Henderson.
2:39 of 1st period - Shot Blocked by Dallas Jackson.
2:41 of 1st period - Wrist shot by Sebastian Stalberg.
2:41 of 1st period - Stopped by Dustin Tokarski with a rebound.
2:43 of 1st period - Backhand shot by Maxime Macenauer.
2:43 of 1st period - Shot Misses the Net.
2:45 of 1st period - Slapshot by Guy Leboeuf.
2:45 of 1st period - Stopped by Dustin Tokarski without a rebound.
2:46 of 1st period - John McCarthy wins face-off versus Tyler Brown in Whale zone.
3:34 of 1st period - Maxime Macenauer is hit by Jon Sim and loses puck.
3:43 of 1st period - Denis Grebeshkov is hit by Kevin Henderson.
3:57 of 1st period - Denny Urban is hit by Maxime Macenauer and loses puck.
4:30 of 1st period - Slapshot by Mike Hedden.
4:30 of 1st period - Stopped by Karri Ramo with a rebound.
4:38 of 1st period - Wrist shot by Mike Hedden.
4:38 of 1st period - Shot Blocked by Stefan Matteau.
4:55 of 1st period - Nick Tarnasky is hit by David Dziurzynski and loses puck.
5:39 of 1st period - Tyler Shattock is hit by Mike Moore and loses puck.
5:48 of 1st period - Slapshot by Mike Hedden.
5:48 of 1st period - Deflect By Jon Sim.
5:48 of 1st period - Stopped by Karri Ramo with a rebound.
6:57 of 1st period - Wrist shot by Jon Sim.
6:57 of 1st period - Stopped by Karri Ramo without a rebound.
6:58 of 1st period - Kyle Jean wins face-off versus Kelly Zajac in Bears zone.
7:15 of 1st period - Wrist shot by Harry Young.
7:15 of 1st period - Stopped by Dustin Tokarski without a rebound.
7:16 of 1st period - Kyle Jean wins face-off versus James Livingston in Whale zone.
7:54 of 1st period - Colin Fraser is hit by Maxime Macenauer and loses puck.
8:05 of 1st period - Snap shot by Sebastian Stalberg.
8:05 of 1st period - Deflect By Kevin Henderson.
8:05 of 1st period - Shot Blocked by Denis Grebeshkov.
8:05 of 1st period - Puck is out of play.
8:06 of 1st period - Kelly Zajac wins face-off versus Tyler Shattock in Whale zone.
8:35 of 1st period - Snap shot by Nick Tarnasky.
8:35 of 1st period - Stopped by Karri Ramo with a rebound.
8:35 of 1st period - Karri Ramo from Bears is injured at 8:35 of 1st period (Sprained Right Knee).
8:35 of 1st period - John Gibson enters game.
8:36 of 1st period - Colin Fraser wins face-off versus Patrice Cormier in Bears zone.
9:01 of 1st period - Wrist shot by Nick Tarnasky.
9:01 of 1st period - Shot Misses the Net.
9:33 of 1st period - Slapshot by Jon Sim.
9:33 of 1st period - Deflect By Kelly Zajac.
9:33 of 1st period - Shot Misses the Net.
9:33 of 1st period - Puck is out of play.
9:34 of 1st period - Maxime Macenauer wins face-off versus Kelly Zajac in Bears zone.
10:07 of 1st period - Minor Penalty to Maxime Macenauer for Holding.
10:08 of 1st period - Stefan Matteau wins face-off versus Colin Fraser in Bears zone.
10:15 of 1st period - Off-side.
10:16 of 1st period - Stefan Matteau wins face-off versus Colin Fraser in neutral zone.
11:06 of 1st period - Kelly Zajac is hit by Mark Cundari and loses puck.
11:44 of 1st period - Off-side.
11:45 of 1st period - Shawn O'Donnell wins face-off versus Nick Tarnasky in neutral zone.
12:07 of 1st period - Penalty to Maxime Macenauer is over, Maxime Macenauer is back on ice.
12:09 of 1st period - Denis Grebeshkov is hit by Shawn O'Donnell and loses puck.
12:16 of 1st period - Jon Sim is hit by Brandon Burlon and loses puck.
12:41 of 1st period - Jeremy Langlois is hit by Colin Fraser and loses puck.
12:48 of 1st period - Wrist shot by Jay Rosehill.
12:48 of 1st period - Shot Blocked by Zachery Davies.
13:02 of 1st period - Nick Tarnasky is hit by Jeremy Langlois and loses puck.
13:39 of 1st period - Wrist shot by Maxime Macenauer.
13:39 of 1st period - Shot Misses the Net.
13:41 of 1st period - Slapshot by Ben Youds.
13:41 of 1st period - Stopped by Dustin Tokarski without a rebound.
13:42 of 1st period - Kyle Jean wins face-off versus Jay Rosehill in Whale zone.
13:50 of 1st period - Jay Rosehill and Harry Young fight to a draw.
13:50 of 1st period - Penalty to Jay Rosehill for Fighting.
13:50 of 1st period - Penalty to Harry Young for Fighting.
13:50 of 1st period - Penalty to Jay Rosehill for instigated a fight.
13:50 of 1st period - Penalty to Jay Rosehill for instigated and being the aggresor in a fight.
13:50 of 1st period - Jay Rosehill is ejected from game.
13:51 of 1st period - Nick Tarnasky wins face-off versus Patrice Cormier in Whale zone.
13:51 of 1st period - Nick Tarnasky is hit by Tyler Shattock.
15:02 of 1st period - Maxime Macenauer is hit by Mike Moore.
15:46 of 1st period - Wrist shot by John McCarthy.
15:46 of 1st period - Shot Misses the Net.
15:48 of 1st period - Snap shot by Mike Hedden.
15:48 of 1st period - Shot Misses the Net.
15:50 of 1st period - Penalty to Jay Rosehill is over, James Livingston is send on ice.
16:45 of 1st period - Zachery Davies is hit by Dallas Jackson and loses puck.
16:49 of 1st period - Icing by Jeremy Langlois.
16:50 of 1st period - Kelly Zajac wins face-off versus Tyler Brown in Bears zone.
17:14 of 1st period - Kelly Zajac is hit by David Dziurzynski and loses puck.
17:55 of 1st period - Slapshot by Stefan Matteau.
17:55 of 1st period - Stopped by Dustin Tokarski without a rebound.
17:56 of 1st period - Colin Fraser wins face-off versus Kyle Jean in Whale zone.
17:56 of 1st period - Colin Fraser is hit by Stefan Matteau.
18:22 of 1st period - John McCarthy is hit by Stefan Matteau and loses puck.
18:43 of 1st period - Tyler Brown is hit by Chris McKelvie and loses puck.
19:06 of 1st period - Wrist shot by Chris McKelvie.
19:06 of 1st period - Shot Misses the Net.
19:52 of 1st period - Snap shot by Jon Sim.
19:52 of 1st period - Shot Hit the Post.
Goals for this period are 0 for Bears vs 0 for Whale.
Shots for this period are 6 for Bears vs 4 for Whale.

2nd period


0:01 of 2nd period - Colin Fraser wins face-off versus Patrice Cormier in neutral zone.
1:06 of 2nd period - John McCarthy is hit by Kevin Henderson and loses puck.
1:48 of 2nd period - Snap shot by Jeremy Langlois.
1:48 of 2nd period - Shot Blocked by Taylor Chorney.
2:18 of 2nd period - Kyle Jean is hit by Colin Fraser and loses puck.
2:51 of 2nd period - Wrist shot by Sebastian Stalberg.
2:51 of 2nd period - Shot Misses the Net.
2:53 of 2nd period - Slapshot by Mark Cundari.
2:53 of 2nd period - Deflect By Denis Grebeshkov.
2:53 of 2nd period - Stopped by Dustin Tokarski with a rebound.
3:13 of 2nd period - Derek Nesbitt is hit by Mark Cundari and loses puck.
3:59 of 2nd period - Wrist shot by David Dziurzynski.
3:59 of 2nd period - Shot Misses the Net.
4:06 of 2nd period - Slapshot by Dallas Jackson.
4:06 of 2nd period - Shot Misses the Net.
4:32 of 2nd period - Snap shot by Derek Nesbitt.
4:32 of 2nd period - Shot Hit the Post.
4:34 of 2nd period - Wrist shot by Mike Moore.
4:34 of 2nd period - Shot Misses the Net.
5:06 of 2nd period - Sebastian Stalberg is hit by Mike Hedden and loses puck.
5:14 of 2nd period - Icing by Maxime Macenauer.
5:15 of 2nd period - Maxime Macenauer wins face-off versus Kelly Zajac in Bears zone.
5:34 of 2nd period - Wrist shot by Sebastian Stalberg.
5:34 of 2nd period - Stopped by Dustin Tokarski with a rebound.
5:36 of 2nd period - Snap shot by Sebastian Stalberg.
5:36 of 2nd period - Shot Misses the Net.
5:38 of 2nd period - Wrist shot by Sebastian Stalberg.
5:38 of 2nd period - Shot Misses the Net.
5:40 of 2nd period - Wrist shot by Harry Young.
5:40 of 2nd period - Deflect By Colin Fraser.
5:40 of 2nd period - Stopped by Dustin Tokarski with a rebound.
6:32 of 2nd period - Stefan Warg is hit by Brandon Burlon and loses puck.
7:02 of 2nd period - Guy Leboeuf is hit by Jon Sim and loses puck.
7:36 of 2nd period - Slapshot by Tyler Shattock.
7:36 of 2nd period - Stopped by Dustin Tokarski with a rebound.
8:17 of 2nd period - Snap shot by Tyler Brown.
8:17 of 2nd period - Stopped by Dustin Tokarski without a rebound.
8:18 of 2nd period - Colin Fraser wins face-off versus Tyler Brown in Whale zone.
8:50 of 2nd period - 10 Minutes Misconduct Penalty to Jay Rosehill is over.
9:11 of 2nd period - Slapshot by Nick Tarnasky.
9:11 of 2nd period - Stopped by John Gibson with a rebound.
10:13 of 2nd period - Sebastian Stalberg is hit by Mike Hedden and loses puck.
10:20 of 2nd period - Slapshot by Brandon Burlon.
10:20 of 2nd period - Deflect By Kyle Jean.
10:20 of 2nd period - Shot Blocked by Taylor Chorney.
10:20 of 2nd period - Puck is out of play.
10:21 of 2nd period - Chris McKelvie wins face-off versus Kyle Jean in Whale zone.
11:04 of 2nd period - Snap shot by John McCarthy.
11:04 of 2nd period - Shot Misses the Net.
11:13 of 2nd period - Snap shot by Mike Hedden.
11:13 of 2nd period - Deflect By Derek Nesbitt.
11:13 of 2nd period - Shot Misses the Net.
11:13 of 2nd period - Puck is out of play.
11:14 of 2nd period - Derek Nesbitt wins face-off versus Tyler Brown in Bears zone.
11:44 of 2nd period - Icing by Brandon Burlon.
11:45 of 2nd period - Nick Tarnasky wins face-off versus Tyler Brown in Bears zone.
11:48 of 2nd period - Snap shot by Nick Tarnasky.
11:48 of 2nd period - Stopped by John Gibson without a rebound.
11:49 of 2nd period - Kelly Zajac wins face-off versus Maxime Macenauer in Bears zone.
12:00 of 2nd period - Wrist shot by Jon Sim.
12:00 of 2nd period - Shot Misses the Net.
12:23 of 2nd period - Slapshot by Denis Grebeshkov.
12:23 of 2nd period - Stopped by John Gibson with a rebound.
12:57 of 2nd period - Snap shot by Mike Hedden.
12:57 of 2nd period - Shot Blocked by Tyler Shattock.
13:17 of 2nd period - Patrice Cormier is hit by Mike Moore and loses puck.
13:44 of 2nd period - David Dziurzynski is hit by Denny Urban and loses puck.
14:09 of 2nd period - Snap shot by Brendan Ranford.
14:09 of 2nd period - Stopped by John Gibson without a rebound.
14:10 of 2nd period - Maxime Macenauer wins face-off versus Kelly Zajac in Bears zone.
14:17 of 2nd period - Snap shot by Brendan Ranford.
14:17 of 2nd period - Shot Misses the Net.
14:37 of 2nd period - Sebastian Stalberg is hit by Colin Fraser and loses puck.
16:29 of 2nd period - Snap shot by Brendan Ranford.
16:29 of 2nd period - Stopped by John Gibson without a rebound.
16:30 of 2nd period - James Livingston wins face-off versus Patrice Cormier in Bears zone.
17:05 of 2nd period - Wrist shot by Kelly Zajac.
17:05 of 2nd period - Stopped by John Gibson with a rebound.
17:44 of 2nd period - Wrist shot by Mark Cundari.
17:44 of 2nd period - Deflect By Shawn O'Donnell.
17:44 of 2nd period - Stopped by Dustin Tokarski with a rebound.
17:46 of 2nd period - Slapshot by Mark Cundari.
17:46 of 2nd period - Shot Misses the Net.
17:48 of 2nd period - Slapshot by Brandon Burlon.
17:48 of 2nd period - Shot Blocked by Denny Urban.
19:16 of 2nd period - Snap shot by David Dziurzynski.
19:16 of 2nd period - Stopped by Dustin Tokarski without a rebound.
19:17 of 2nd period - Patrice Cormier wins face-off versus John McCarthy in Whale zone.
19:32 of 2nd period - Mike Hedden is hit by Zachery Davies and loses puck.
Goals for this period are 0 for Bears vs 0 for Whale.
Shots for this period are 7 for Bears vs 6 for Whale.

3rd period


0:01 of 3rd period - Patrice Cormier wins face-off versus Colin Fraser in neutral zone.
0:17 of 3rd period - Wrist shot by John McCarthy.
0:17 of 3rd period - Stopped by John Gibson with a rebound.
0:36 of 3rd period - Backhand shot by Brandon Burlon.
0:36 of 3rd period - Deflect By Stefan Matteau.
0:36 of 3rd period - Shot Blocked by Nick Tarnasky.
0:36 of 3rd period - Puck is out of play.
0:37 of 3rd period - Kelly Zajac wins face-off versus Maxime Macenauer in Whale zone.
0:44 of 3rd period - Snap shot by Mike Hedden.
0:44 of 3rd period - Shot Misses the Net.
0:54 of 3rd period - Snap shot by Jon Sim.
0:54 of 3rd period - Stopped by John Gibson with a rebound.
0:56 of 3rd period - Slapshot by Jon Sim.
0:56 of 3rd period - Stopped by John Gibson without a rebound.
0:57 of 3rd period - Maxime Macenauer wins face-off versus Kelly Zajac in Bears zone.
0:59 of 3rd period - Minor Penalty to Maxime Macenauer for Hooking.
1:00 of 3rd period - Stefan Matteau wins face-off versus Colin Fraser in Bears zone.
1:00 of 3rd period - Stefan Matteau is hit by Dallas Jackson.
1:13 of 3rd period - Snap shot by John McCarthy.
1:13 of 3rd period - Shot Misses the Net.
1:35 of 3rd period - Wrist shot by Nick Tarnasky.
1:35 of 3rd period - Stopped by John Gibson with a rebound.
1:37 of 3rd period - Slapshot by Denis Grebeshkov.
1:37 of 3rd period - Shot Blocked by Brandon Burlon.
1:58 of 3rd period - Ben Youds is hit by Jon Sim and loses puck.
2:05 of 3rd period - Snap shot by Jon Sim.
2:05 of 3rd period - Deflect By Patrice Cormier.
2:05 of 3rd period - Stopped by John Gibson with a rebound.
2:37 of 3rd period - Snap shot by Nick Tarnasky.
2:37 of 3rd period - Stopped by John Gibson with a rebound.
2:39 of 3rd period - Wrist shot by Taylor Chorney.
2:39 of 3rd period - Deflect By John McCarthy.
2:39 of 3rd period - Shot Misses the Net.
2:39 of 3rd period - Puck is out of play.
2:40 of 3rd period - Shawn O'Donnell wins face-off versus Colin Fraser in Bears zone.
2:59 of 3rd period - Penalty to Maxime Macenauer is over, Maxime Macenauer is back on ice.
2:59 of 3rd period - Patrice Cormier is hit by Dallas Jackson and loses puck.
3:58 of 3rd period - Zachery Davies is hit by Denis Grebeshkov and loses puck.
4:29 of 3rd period - Colin Fraser is hit by Guy Leboeuf and loses puck.
5:10 of 3rd period - Dallas Jackson is hit by Guy Leboeuf and loses puck.
6:01 of 3rd period - Denis Grebeshkov is hit by Jeremy Langlois.
6:37 of 3rd period - Minor Penalty to Shawn O'Donnell for Holding.
6:38 of 3rd period - Chris McKelvie wins face-off versus Stefan Matteau in Bears zone.
7:03 of 3rd period - Slapshot by John McCarthy.
7:03 of 3rd period - Stopped by John Gibson with a rebound.
7:05 of 3rd period - Snap shot by Derek Nesbitt.
7:05 of 3rd period - Stopped by John Gibson without a rebound.
7:06 of 3rd period - Kelly Zajac wins face-off versus Stefan Matteau in Bears zone.
7:37 of 3rd period - Slapshot by Ben Youds.
7:37 of 3rd period - Shot Misses the Net.
7:39 of 3rd period - Wrist shot by Tyler Brown.
7:39 of 3rd period - Shot Misses the Net.
8:05 of 3rd period - Patrice Cormier is hit by Nick Tarnasky and loses puck.
8:30 of 3rd period - Slapshot by Jon Sim.
8:30 of 3rd period - Goal by Jon Sim - Bears : 0 - Whale : 1.
8:31 of 3rd period - Colin Fraser wins face-off versus Maxime Macenauer in neutral zone.
8:33 of 3rd period - Mike Moore beats up Brandon Burlon.
8:33 of 3rd period - Penalty to Mike Moore for Fighting.
8:33 of 3rd period - Penalty to Brandon Burlon for Fighting.
8:34 of 3rd period - Maxime Macenauer wins face-off versus Colin Fraser in Bears zone.
9:25 of 3rd period - Jeremy Langlois is hit by Kelly Zajac and loses puck.
9:44 of 3rd period - Wrist shot by John McCarthy.
9:44 of 3rd period - Stopped by John Gibson without a rebound.
9:45 of 3rd period - Patrice Cormier wins face-off versus Colin Fraser in Bears zone.
10:18 of 3rd period - Slapshot by Patrice Cormier.
10:18 of 3rd period - Stopped by Dustin Tokarski with a rebound.
10:20 of 3rd period - Slapshot by Guy Leboeuf.
10:20 of 3rd period - Deflect By Stefan Matteau.
10:20 of 3rd period - Deflect By Mike Hedden.
10:20 of 3rd period - Shot Misses the Net.
10:20 of 3rd period - Puck is out of play.
10:21 of 3rd period - Kevin Henderson wins face-off versus Colin Fraser in Whale zone.
11:19 of 3rd period - David Dziurzynski is hit by Mike Hedden and loses puck.
11:49 of 3rd period - Snap shot by Nick Tarnasky.
11:49 of 3rd period - Stopped by John Gibson with a rebound.
12:11 of 3rd period - Taylor Chorney is hit by Stefan Matteau and loses puck.
13:06 of 3rd period - Snap shot by Kelly Zajac.
13:06 of 3rd period - Stopped by John Gibson without a rebound.
13:07 of 3rd period - Kelly Zajac wins face-off versus Maxime Macenauer in Bears zone.
13:10 of 3rd period - Snap shot by Kelly Zajac.
13:10 of 3rd period - Stopped by John Gibson without a rebound.
13:11 of 3rd period - Sebastian Stalberg wins face-off versus Kelly Zajac in Bears zone.
13:18 of 3rd period - Snap shot by Maxime Macenauer.
13:18 of 3rd period - Stopped by Dustin Tokarski without a rebound.
13:19 of 3rd period - Colin Fraser wins face-off versus Maxime Macenauer in Whale zone.
13:28 of 3rd period - Snap shot by John McCarthy.
13:28 of 3rd period - Stopped by John Gibson without a rebound.
13:29 of 3rd period - Colin Fraser wins face-off versus Jeremy Langlois in Bears zone.
13:56 of 3rd period - Wrist shot by Mike Hedden.
13:56 of 3rd period - Stopped by John Gibson without a rebound.
13:57 of 3rd period - Kelly Zajac wins face-off versus Maxime Macenauer in Bears zone.
14:00 of 3rd period - Snap shot by Jon Sim.
14:00 of 3rd period - Shot Misses the Net.
14:14 of 3rd period - Slapshot by Sebastian Stalberg.
14:14 of 3rd period - Stopped by Dustin Tokarski without a rebound.
14:15 of 3rd period - Colin Fraser wins face-off versus Maxime Macenauer in Whale zone.
14:26 of 3rd period - Snap shot by Colin Fraser.
14:26 of 3rd period - Stopped by John Gibson with a rebound.
14:28 of 3rd period - Snap shot by Mike Moore.
14:28 of 3rd period - Deflect By Nick Tarnasky.
14:28 of 3rd period - Shot Blocked by Ben Youds.
14:28 of 3rd period - Puck is out of play.
14:29 of 3rd period - Patrice Cormier wins face-off versus Colin Fraser in Bears zone.
14:29 of 3rd period - Patrice Cormier is hit by Taylor Chorney.
14:37 of 3rd period - Mike Moore is hit by Brandon Burlon and loses puck.
15:48 of 3rd period - Denis Grebeshkov is hit by David Dziurzynski and loses puck.
16:05 of 3rd period - Snap shot by Maxime Macenauer.
16:05 of 3rd period - Stopped by Dustin Tokarski without a rebound.
16:06 of 3rd period - Colin Fraser wins face-off versus Maxime Macenauer in Whale zone.
17:05 of 3rd period - Slapshot by Patrice Cormier.
17:05 of 3rd period - Shot Misses the Net.
17:07 of 3rd period - Snap shot by Tyler Shattock.
17:07 of 3rd period - Shot Misses the Net.
17:09 of 3rd period - Wrist shot by Tyler Shattock.
17:09 of 3rd period - Shot Misses the Net.
17:25 of 3rd period - Snap shot by Stefan Matteau.
17:25 of 3rd period - Shot Misses the Net.
18:19 of 3rd period - Shawn O'Donnell is hit by Chris McKelvie and loses puck.
19:18 of 3rd period - Wrist shot by John McCarthy.
19:18 of 3rd period - Shot Misses the Net.
19:28 of 3rd period - Bears, John Gibson is pulled from the net.
19:38 of 3rd period - Mike Hedden is hit by Mark Cundari and loses puck.
Goals for this period are 0 for Bears vs 1 for Whale.
Shots for this period are 4 for Bears vs 16 for Whale.


Output by the SimonT Hockey Simulator (STHS) for Eric Dolegowski -- Original Page W3C XHTML 1.0 Valid
Hockey Simulator - Hockey Simulation - Hockey Manager